 Dungeon Crawl Stone Soup version 0.26.1-11-gd32895ea62 (webtiles) character file.

Game seed: 6327811449169429150

8437 H0rd4k the Martial Artist (level 11, -3/67 HPs)
             Began as an Octopode Transmuter on June 17, 2021.
             Was an Initiate of Gozag.
             Splashed by an oklob plant's acid (9 damage)
             ... on level 11 of the Dungeon.
             The game lasted 00:24:55 (15635 turns).

H0rd4k the Martial Artist (Octopode Transmuter)    Turns: 15635, Time: 00:24:57

Health: -3/67      AC:  1    Str: 17    XL:     11   Next: 30%
Magic:  26/30      EV: 15    Int: 18    God:    Gozag
Gold:   767        SH:  5    Dex: 12    Spells: 2/24 levels left

rFire    . . .     SeeInvis +     - Unarmed
rCold    . . .     Faith    .   (shield currently unavailable)
rNeg     . . .     Spirit   .   (helmet restricted)
rPois    .         Reflect  +   H - amulet of reflection
rElec    .         Harm     .   g - ring of see invisible
rCorr    .         Rampage  .   c - ring of stealth
Will     .....                  x - +6 ring of strength
Stlth    +++++.....             J - ring of magical power
HPRegen  0.21/turn              N - +4 ring of protection
MPRegen  0.22/turn              (no ring)
                                (no ring)
                                (no ring)

@: blade tentacles, corroded
A: almost no armour, stealthy swim, amphibious, 8 rings, constrict 8, camouflage
1, gelatinous body 1
a: End Transformation, Renounce Religion, Potion Petition, Call Merchant, Bribe
Branch


You were on level 11 of the Dungeon.
You worshipped Gozag.
Gozag was pleased with you.
You had blades for tentacles.
You visited 2 branches of the dungeon, and saw 12 of its levels.
You also visited: Sewer.

You collected 1775 gold pieces.
You spent 930 gold pieces at shops.
You paid 78 gold pieces to Gozag.

Inventory:

Missiles
 D - 48 poisoned darts (quivered)
Jewellery
 c - a ring of stealth (right scythe-like blade)
 g - a ring of see invisible (left scythe-like blade)
 i - an uncursed amulet of guardian spirit
 x - a +6 ring of strength (on tentacle)
 H - an amulet of reflection (around mantle)
 J - a ring of magical power (on tentacle)
 M - an uncursed amulet of faith
 N - a +4 ring of protection (on tentacle)
Wands
 r - a wand of flame (24)
 w - a wand of polymorph (25)
 z - a wand of iceblast (28)
 C - a wand of disintegration (7)
 O - a wand of acid (7)
Scrolls
 a - 3 scrolls of teleportation
 b - a scroll of noise {unknown}
 e - 2 scrolls of silence {unknown}
 f - 8 scrolls of remove curse
 j - 4 scrolls of enchant weapon
 k - 7 scrolls of identify
 m - 3 scrolls of enchant armour
 n - 2 scrolls of blinking {unknown}
 s - 3 scrolls of amnesia {unknown}
 u - 3 scrolls of magic mapping
 v - a scroll of brand weapon {unknown}
 y - 3 scrolls of immolation {unknown}
 B - a scroll of fog {unknown}
 E - 3 scrolls of fear {unknown}
 F - a scroll of random uselessness {unknown}
 P - a scroll of vulnerability {unknown}
Potions
 d - 3 potions of curing
 h - 4 potions of flight
 l - 2 potions of mutation
 o - 3 potions of lignification
 p - 4 potions of ambrosia
 q - 2 potions of invisibility
 t - 2 potions of might
 A - 2 potions of heal wounds {unknown}
 G - a potion of magic {unknown}
 I - a potion of resistance {unknown}
 K - a potion of haste
 L - 4 potions of brilliance


   Skills:
 + Level 3.3 Fighting
 + Level 5.4 Dodging
 + Level 4.5 Stealth
 + Level 1.3 Shields
 + Level 10.8 Unarmed Combat
 + Level 7.0 Spellcasting
 + Level 0.1 Hexes
 + Level 1.3 Translocations
 + Level 7.1 Transmutations
 + Level 1.5 Ice Magic
 + Level 6.2 Poison Magic
 + Level 0.8 Evocations


You had 2 spell levels left.
You knew the following spells:

 Your Spells              Type           Power        Failure   Level
a - Beastly Appendage     Tmut           64%          12%         1
b - Spider Form           Tmut/Pois      15%          21%         3
c - Blink                 Tloc           N/A          45%         2
d - Blade Hands           Tmut           16%          56%         5
e - Ice Form              Ice/Tmut       22%          61%         4
f - Confusing Touch       Hex            6%           73%         3
g - Olgreb's Toxic Radia  Pois           28%          43%         4

Your spell library contained the following spells:

 Spells                   Type           Power        Failure   Level
 Sting                    Tmut/Pois      100%         13%         1
 Wereblood                Tmut           32%          14%         2
 Poisonous Vapours        Pois/Air       34%          32%         2
 Apportation              Tloc           22%          36%         1
 Animate Skeleton         Necr           12%          47%         1
 Corona                   Hex            6%           47%         1
 Magic Dart               Conj           24%          47%         1
 Summon Small Mammal      Summ           24%          47%         1
 Call Imp                 Summ           6%           56%         2
 Slow                     Hex            6%           56%         2
 Ignite Poison            Fire/Tmut/Pois 22%          32%         3
 Mephitic Cloud           Conj/Pois/Air  13%          54%         3
 Gell's Gravitas          Tloc           5%           61%         3
 Petrify                  Tmut/Erth      19%          67%         4
 Conjure Flame            Conj/Fire      6%           75%         3
 Yara's Violent Unravell  Hex/Tmut       9%           89%         5
 Metabolic Englaciation   Hex/Ice        4%           99%         5
 Chain Lightning          Conj/Air       3%           100%        8
 Lehudib's Crystal Spear  Conj/Erth      3%           100%        8
 Absolute Zero            Ice            5%           100%        9
 Fire Storm               Conj/Fire      3%           100%        9


Dungeon Overview and Level Annotations

Branches:
Dungeon (11/15)            Temple (1/1) D:4            Lair (0/6) D:11
    Orc (0/2) D:10          Sewer (visited)

Altars:
Ashenzari
Cheibriados
Dithmenos
Elyvilon
Fedhas
Gozag
Hepliaklqana
Kikubaaqudgha
Makhleb
Nemelex Xobeh
Okawaru
Qazlal
Ru
Sif Muna
Trog
Uskayaw
Vehumet
Wu Jian
Xom
Yredelemnul
Zin
The Shining One

Shops:
D:4 ?   D:5 *   D:8 :   D:9 *

Portals:
Trove: D:11 (give +7 demon blade)

Annotations:
D:3 3 runed translucent doors, exclusion: 3 doors, boben's ghost, amateur GnTm
D:6 exclusion: downstairs
D:11 exclusion: oklob plant


Innate Abilities, Weirdness & Mutations

You cannot wear most types of armour.
You are very stealthy in the water. (Stealth+)
You are amphibious.
You can wear up to eight rings at the same time.
You can use your tentacles to constrict eight enemies at once.
Your skin changes colour to match your surroundings (Stealth+).
Your rubbery body absorbs attacks. (AC +1, EV +1)


Message History

The splash of acid hits you! The acid corrodes you!
You are splashed with acid!
You slash the oklob plant!
You squeeze the oklob plant, but do no damage.
The oklob plant is almost destroyed.
You constrict the oklob plant, but do no damage.
You hit the oklob plant but do no damage.
The oklob plant is almost destroyed.
You constrict the oklob plant, but do no damage.
The oklob plant spits acid at you. The splash of acid hits you!
You are splashed with acid!
* * * LOW HITPOINT WARNING * * *
You hit the oklob plant but do no damage.
The oklob plant is almost destroyed.
You constrict the oklob plant. The oklob plant spits acid at you.
The splash of acid hits you!
* * * LOW HITPOINT WARNING * * *
You are splashed with acid!
You die...
Your body crumbles into a pile of gold.

..# ##...# # ..# #....# #
..############## #.#####....### #
...............# ............###
........<......#######......#..##
.#>...........#...≈...#.....##...
.....####.##....#...#.......####.
##..### #.#....##P..##...........
.#....###.#..#..@......#....#####
.#..#...#.#..#≈...>P..≈#......#..
.'..###......#.....PP..#........#
.#.......(.....##.P.##.........##
.#..#####.......#...#.......#....
##...# #.....#...≈...#...###.##.
#...####.[....#######.....##.#..
##..#........###..........##...#
#....##<#....##.......#....##.#


You could see an oklob plant.

Vanquished Creatures
  Harold (D:10)
  A two-headed ogre (D:11)
  Pikel (D:5)
  A manticore (D:11)
  A troll (D:10)
  A wyvern (D:9)
  A yak (D:9)
  Duvessa (D:5)
  A phantom (D:10)
  4 orc warriors
  2 sky beasts
  A black bear (D:6)
  10 ogres
  4 ice beasts
  A lemure (D:5)
  3 centaurs
  5 big kobolds
  8 bullfrogs
  A gnoll sergeant (D:10)
  Dowan (D:5)
  4 scorpions
  5 killer bees (D:7)
  9 wights
  A howler monkey (D:8)
  A quasit (D:7)
  A bullfrog zombie (D:7)
  6 orc priests
  5 hounds
  3 jellies
  10 orc wizards
  A bullfrog skeleton (D:5)
  4 iguanas
  Natasha (thrice) (D:4)
  11 worker ants
  A killer bee zombie (D:8)
  2 hound zombies
  A worker ant zombie (D:5)
  11 gnolls
  12 adders
  3 river rats
  3 shadow imps
  3 white imps
  An ufetubus (D:8)
  2 adder zombies
  3 adder skeletons
  A dart slug (D:1)
  8 leopard geckos
  33 orcs
  6 bats
  6 giant cockroaches
  2 goblins
  4 hobgoblins
  11 jackals
  8 quokkas
  A ball python (D:3)
  4 frilled lizards
  A jackal skeleton (D:6)
  11 kobolds
  A leopard gecko skeleton (D:5)
  A leopard gecko zombie (D:5)
  12 rats
265 creatures vanquished.

Vanquished Creatures (others)
  9 plants (D:11)
9 creatures vanquished.

Grand Total: 274 creatures vanquished

Notes
Turn   | Place    | Note
-------+----------+-------------------------------------------
     0 | D:1      | H0rd4k the Octopode Transmuter began the quest for the Orb.
     0 | D:1      | Reached XP level 1. HP: 13/13 MP: 3/3
   430 | D:1      | Reached XP level 2. HP: 5/18 MP: 5/5
  1181 | D:1      | Reached XP level 3. HP: 23/23 MP: 6/6
  1190 | D:1      | Learned a level 3 spell: Spider Form
  1411 | D:2      | Found a faded altar of an unknown god.
  1872 | D:2      | Reached skill level 4 in Unarmed Combat
  2045 | D:2      | Reached skill level 1 in Poison Magic
  2045 | D:2      | Reached XP level 4. HP: 8/28 MP: 5/7
  2413 | D:2      | Found a white marble altar of Elyvilon.
  2917 | D:3      | Reached XP level 5. HP: 33/33 MP: 4/8
  2976 | D:3      | Found a glowing drain.
  3008 | Sewer    | Entered a sewer
  3130 | Sewer    | Noticed a big kobold
  3442 | Sewer    | Killed a big kobold
  3443 | Sewer    | Reached XP level 6. HP: 32/38 MP: 8/10
  3524 | Sewer    | Found a white marble altar of Elyvilon.
  3562 | D:3      | Found a runed translucent gate.
  3562 | D:3      | Found a runed translucent gate.
  3637 | D:3      | Found a hide-covered altar of Uskayaw.
  3744 | D:3      | Found a runed translucent gate.
  3753 | D:3      | Noticed boben's ghost (amateur GnTm)
  4422 | D:3      | Learned a level 2 spell: Blink
  4486 | D:4      | Reached skill level 5 in Unarmed Combat
  4603 | D:4      | Noticed Natasha
  4611 | D:4      | Killed Natasha
  4726 | D:4      | Noticed Natasha
  4733 | D:4      | Killed Natasha
  4965 | D:4      | Found a sparkling altar of Nemelex Xobeh.
  5182 | D:4      | Found a staircase to the Ecumenical Temple.
  5243 | Temple   | Entered the Ecumenical Temple
  5326 | D:4      | Noticed Natasha
  5381 | D:4      | Killed Natasha
  5457 | D:4      | Found Wope's Magic Scroll Shoppe.
  5465 | D:4      | Bought a scroll of teleportation for 30 gold pieces
  5685 | D:5      | Entered Level 5 of the Dungeon
  5709 | D:5      | Found a sparkling altar of Nemelex Xobeh.
  5709 | D:5      | Found an ancient bone altar of Kikubaaqudgha.
  5716 | D:5      | Reached XP level 7. HP: 40/43 MP: 8/11
  5716 | D:5      | Found an ornate altar of the Wu Jian Council.
  5716 | D:5      | Found a radiant altar of Vehumet.
  6238 | D:5      | Found Zin's Purification Station.
  6241 | D:5      | Found a glowing silver altar of Zin.
  6265 | D:5      | Noticed Duvessa
  6265 | D:5      | Noticed Dowan
  6274 | D:5      | Killed Duvessa
  6278 | D:5      | Killed Dowan
  6337 | D:5      | Reached skill level 6 in Unarmed Combat
  6617 | D:5      | Noticed Pikel
  6631 | D:5      | Killed Pikel
  6632 | D:5      | Reached XP level 8. HP: 39/50 MP: 8/14
  6849 | D:6      | Found a stormy altar of Qazlal.
  6863 | D:6      | Reached skill level 7 in Unarmed Combat
  7309 | D:5      | HP: 2/50 [poisoned by a scorpion]
  7317 | D:5      | HP: 2/50 [poisoned by a scorpion]
  7625 | D:6      | Reached XP level 9. HP: 54/54 MP: 12/16
  7630 | D:6      | Reached skill level 5 in Transmutations
  7686 | D:6      | Found an opulent altar of Gozag.
  7689 | D:6      | Became a worshipper of Gozag Ym Sagoz the Greedy
  8005 | D:6      | Reached skill level 5 in Spellcasting
  8308 | D:7      | Reached skill level 8 in Unarmed Combat
  8366 | D:7      | Learned a level 5 spell: Blade Hands
  8371 | D:7      | Learned a level 4 spell: Ice Form
  8463 | D:7      | Reached skill level 1 in Stealth
  8548 | D:7      | Reached skill level 1 in Translocations
  8548 | D:7      | Reached skill level 1 in Ice Magic
  8991 | D:7      | Found an iron altar of Okawaru.
 10218 | D:8      | Reached XP level 10. HP: 39/62 MP: 14/18
 10527 | D:8      | Found Bewkeppe's Book Shoppe.
 10999 | D:8      | Reached skill level 5 in Poison Magic
 11174 | D:8      | Bought a book of Misfortune for 300 gold pieces
 11178 | D:8      | Learned a level 3 spell: Confusing Touch
 11308 | D:9      | Reached skill level 9 in Unarmed Combat
 11370 | D:9      | Found Tohuur's General Store.
 12609 | D:8      | Bought a Young Poisoner's Handbook for 600 gold pieces
 12687 | D:10     | Entered Level 10 of the Dungeon
 12824 | D:10     | Found a glowing golden altar of the Shining One.
 13131 | D:10     | Noticed Harold
 13142 | D:10     | Found a staircase to the Orcish Mines.
 13168 | D:10     | Reached skill level 5 in Dodging
 13423 | D:10     | Reached skill level 10 in Unarmed Combat
 13939 | D:10     | Learned a level 4 spell: Olgreb's Toxic Radiance
 13962 | D:10     | Killed Harold
 13963 | D:10     | Reached skill level 1 in Shields
 13963 | D:10     | Reached XP level 11. HP: 6/67 MP: 21/21
 14439 | D:11     | Noticed a two-headed ogre
 14444 | D:11     | Noticed a manticore
 14817 | D:11     | Killed a two-headed ogre
 15014 | D:11     | Noticed an oklob plant
 15087 | D:11     | Killed a manticore
 15205 | D:11     | Found a portal to a secret trove of treasure.
 15552 | D:11     | Found a staircase to the Lair.
 15635 | D:11     | Splashed by an oklob plant's acid

Illustrated notes

Levels and vault maps discovered:
D:1:      lightli_molten_gateway, layout_loops_ring
D:2:      layout_basic, chequers_ecumenical_altar_island,
          hangedman_decor_points, elyvilon_altar_4
D:3:      layout_loops_ring, eat_drink_and_be_merry_uskayaw,
          cheibrodos_sewer_entry_sluice, ebering_ghost_rock_garden
D:4:      layout_basic, minmay_temple_entry_antechambers, serial_shops,
          nicolae_shop_stone, nemelex_lonely_heart_becter, uniq_natasha
D:5:      layout_basic, zin_purify, chequers_temple_overflow_statue_of_worship,
          uniq_pikel, uniq_duvessa
D:6:      layout_basic, kennysheep_mini, kennysheep_mini_moat
D:7:      layout_loops_ring, amcnicky_altar_gilded
D:8:      layout_loops_ring, serial_shops, nicolae_shop_crystal
D:9:      layout_basic, kennysheep_small_circle
D:10:     layout_rooms, kennysheep_orc_monster_closet_entryway, basic_altar,
          uniq_harold
D:11:     layout_rooms, dpeg_oklobed_lair, nicolae_trove_entry_columns,
          hangedman_decor_clover_reticule
Temple:   eino_temple_lava

Skill      XL: |  1  2  3  4  5  6  7  8  9 10 11 |
---------------+----------------------------------+-----
Unarmed Combat | 4 5 6 7 8 10 | 10.8
Poison Magic   | 1 2 3 4 6 |  6.2
Transmutations | 3 4 5 7 |  7.1
Spellcasting   | 3 4 5 6 7 |  7.0
Dodging        | 3 4 5 |  5.4
Fighting       | 2 3 |  3.3
Stealth        | 2 4 |  4.5
Translocations | 1 |  1.3
Ice Magic      | 1 |  1.5
Shields        | 1 |  1.3
Hexes          | |  0.1
Evocations     | |  0.8

Action                   |  1- 3 |  4- 6 |  7- 9 | 10-12 || total
-------------------------+-------+-------+-------+-------++-------
Melee: Unarmed           |    86 |   147 |   314 |   288 ||   835
       Constrict         |    24 |    19 |    18 |     9 ||    70
       Tentacles         |     9 |    14 |    12 |    12 ||    47
       Punch             |     4 |       |     6 |     5 ||    15
       Kick              |     7 |       |       |       ||     7
 Cast: Beastly Appendage |     3 |       |       |       ||     3
       Spider Form       |       |    10 |    30 |    35 ||    75
       Blade Hands       |       |       |       |     3 ||     3
       Confusing Touch   |       |       |       |     1 ||     1
Evoke: Wand              |       |       |       |     4 ||     4
  Use: Potion            |     6 |       |     1 |     2 ||     9
       Scroll            |       |       |     8 |     2 ||    10
 Stab: Sleeping          |     9 |     5 |     8 |     8 ||    30
       Distracted        |       |     1 |     1 |     2 ||     4
       Confused          |       |       |       |     1 ||     1
Armor: Skin              |     5 |     4 |     5 |     7 ||    21
Dodge: Dodged            |    44 |    95 |   253 |   188 ||   580
Block: Other             |       |       |       |    31 ||    31
       Reflection        |       |       |       |     3 ||     3
